Map: Overgrown Facility

Players

MonstroTown

  • Race: Terran Terran
  • Spawn Location: 9:00

Michael

  • Race: Zerg Zerg
  • League: Gold
  • Spawn Location: 7:00

SkyFlare - Winner!

  • Race: Zerg Zerg
  • League: Master
  • Spawn Location: 1:00

IIIIIIIIIIII - Winner!

  • Race: Zerg Zerg
  • League: Platinum
  • Spawn Location: 3:00

VOD

Have the link to the VOD?

Description

Time

  • Played on: Sept. 16, 2018, 1:44 p.m.
  • Length: 8:50
Show
View Real Time Build Order
Export as new Build Order

MonstroTown Terran 

Build Orders:  

Get SALT Encoding   

  12  0:01  SCV  
  13  0:13  SCV  
  14  0:21  Supply Depot  
  14  0:25  SCV  
  15  0:42  SCV  
  16  0:44  Barracks  
  16  0:54  SCV  
  16  0:55  Barracks  
  17  1:06  SCV  
  18  1:14  Supply Depot  
  18  1:19  SCV  
  19  1:31  SCV  
  19  1:32  Marine  
  21  1:45  Marine  
  22  1:49  Marine  
  23  1:56  Command Center  
  23  2:03  Marine  
  23  2:08  Orbital Command  
  24  2:15  Refinery  
  24  2:23  Marine  
  25  2:40  Supply Depot  
  25  2:41  Marine x2  
  26  2:47  Barracks  
  26  2:59  SCV, Marine  
  26  3:03  Supply Depot  
  28  3:06  Marine  
  28  3:10  Orbital Command  
  29  3:13  SCV  
  29  3:24  Marine  
  29  3:25  Marine  
  31  3:36  Factory  
  31  3:37  SCV  
  32  3:42  Marine x2  
  32  3:46  Marine  
  35  4:00  Marine  
  36  4:02  Barracks Tech Lab  
  36  4:04  Marine  
  36  4:18  Marine  
  36  4:22  Marine  
  36  4:23  Combat Shields  
  29  4:27  Marauder  
  31  4:31  Hellion  
  31  4:36  Marine  
  33  4:39  Marine, Barracks x2  
  34  4:48  Marine  
  35  4:53  Marine  
  36  5:05  Marine  
  36  5:06  Marine  
  31  5:11  Marine  
  28  5:21  Supply Depot  
  28  5:23  Marine x2  
  28  5:28  Hellion  
  32  5:29  Marine  
  33  5:37  Barracks Tech Lab  
  33  5:39  Marine  
  33  5:41  Marine  
  35  5:50  Hellion  
  35  5:51  Marauder  
  35  5:52  Marine  
  40  6:00  Starport  
  40  6:03  Supply Depot  
  40  6:11  Marine x4  
  32  6:19  Hellion  
  34  6:28  Supply Depot  
  34  6:31  SCV x2  
  31  6:42  Marine x2  
  31  6:43  Marine  
  27  7:00  Marine x2  
  22  7:03  Marine x2  
  22  7:05  Marine  
  11  7:08  Widow Mine  
  11  7:09  SCV x2  
  13  7:17  Marine  
  13  7:20  Marine  
  13  7:21  SCV, Marine  
  13  7:30  Marine x2  
  13  7:43  Marine  
  13  7:44  Marine x2  
  10  7:47  Marine  
  3  8:10  Orbital Command  
    8:20  SCV  
Show
View Real Time Build Order
Export as new Build Order

Michael Zerg 

Build Orders: Hatch First 

Get SALT Encoding   

  12  0:01  Drone  
  13  0:12  Overlord  
  13  0:18  Drone  
  14  0:31  Drone x2  
  14  0:35  Drone  
  17  0:45  Drone  
  18  0:57  Hatchery  
  18  1:00  Drone  
  18  1:03  Extractor  
  17  1:16  Spawning Pool  
  16  1:19  Drone  
  16  1:22  Drone  
  18  1:28  Drone  
  19  1:39  Drone  
  20  1:59  Overlord  
  20  2:03  Queen  
  20  2:05  Metabolic Boost  
  22  2:09  Queen  
  22  2:11  Zergling x2  
  22  2:12  Zergling x2  
  26  2:17  Drone  
  26  2:20  Extractor, Drone  
  27  2:24  Drone  
  28  2:30  Drone  
  28  2:33  Drone  
  30  2:41  Drone  
  31  2:47  Queen  
  33  2:55  Zergling x6  
  34  3:08  Spine Crawler  
  34  3:12  Roach Warren  
  32  3:27  Drone  
  32  3:28  Drone x3  
  32  3:33  Overlord  
  36  3:35  Overlord  
  36  3:45  Evolution Chamber  
  36  3:47  Overlord  
  35  3:59  Drone x4  
  39  4:20  Roach  
  39  4:21  Roach x4  
  45  4:28  Spine Crawler  
  45  4:29  Drone  
  45  4:31  Drone  
  46  4:38  Lair  
  32  5:10  Drone x4  
  32  5:12  Drone  
  32  5:13  Drone  
  38  5:15  Queen  
  38  5:25  Roach x2  
  38  5:27  Roach  
  44  5:34  Zerg Ground Armor Level 1  
  44  5:38  Glial Reconstitution  
  44  5:45  Queen  
  46  5:53  Roach x2  
  46  6:19  Roach x5  
  46  6:20  Roach x3  
  60  6:25  Roach  
  60  6:26  Overlord  
  60  6:31  Roach  
  54  6:46  Roach x4  
  58  6:54  Roach  
  54  7:01  Drone x2  
  56  7:22  Roach x3  
  52  7:33  Roach  
  52  7:34  Roach  
  36  7:51  Drone  
  36  7:52  Drone x2  
  36  7:55  Drone x6  
  45  8:06  Drone  
  45  8:08  Drone  
  47  8:32  Drone  
  48  8:34  Drone  
  31  8:43  Spore Crawler  
  31  8:44  Spore Crawler  
Show
View Real Time Build Order
Export as new Build Order

SkyFlare Zerg - Winner!

Build Orders: Hatch First, Zergling Baneling 

Get SALT Encoding   

  12  0:04  Drone  
  13  0:13  Overlord  
  13  0:18  Drone  
  14  0:32  Drone x2  
  16  0:37  Drone  
  17  0:54  Hatchery  
  17  0:57  Drone  
  17  1:00  Drone  
  18  1:11  Extractor  
  18  1:15  Spawning Pool  
  18  1:18  Drone  
  17  1:21  Drone  
  18  1:30  Drone  
  19  1:41  Overlord  
  19  1:53  Drone  
  20  2:05  Queen x2  
  20  2:07  Zergling x4  
  26  2:11  Metabolic Boost  
  26  2:13  Drone  
  27  2:26  Overlord  
  27  2:41  Drone x4  
  31  2:55  Zergling x4  
  31  2:57  Hatchery  
  32  3:05  Baneling Nest  
  31  3:06  Drone x2  
  33  3:14  Drone x3  
  34  3:21  Zergling x4  
  34  3:22  Zergling x4  
  38  3:29  Overlord  
  38  3:31  Zergling x4  
  41  3:34  Zergling x2  
  41  3:43  Zergling x4  
  43  3:50  Baneling x5  
  43  3:52  Zergling x8  
  47  3:56  Zergling x4  
  47  4:00  Zergling x2  
  51  4:03  Zergling x2  
  50  4:21  Drone x3  
  50  4:22  Drone  
  51  4:24  Hatchery  
  50  4:37  Overlord x2  
  50  4:39  Baneling x5  
  50  4:48  Drone  
  50  4:49  Overlord  
  50  4:52  Overlord  
  46  5:05  Zergling x12  
  42  5:18  Queen  
  44  5:21  Overlord  
  44  5:22  Zergling x2  
  44  5:23  Zergling x12  
  44  5:27  Lair  
  51  5:30  Extractor  
  51  5:33  Zergling x4  
  52  5:42  Drone x3  
  55  5:52  Extractor x2, Drone x3  
  55  5:54  Drone x3  
  55  5:55  Drone x2  
  59  6:12  Zergling x2  
  59  6:13  Zergling x14  
  59  6:18  Drone  
  65  6:23  Overlord  
  65  6:25  Drone x3  
  68  6:27  Spire  
  68  6:30  Drone x3  
  70  6:43  Drone x6  
  70  6:44  Drone  
  74  7:04  Zergling x10  
  74  7:07  Overlord x2  
  78  7:10  Extractor  
  78  7:11  Extractor  
  75  7:21  Drone x4  
  75  7:22  Drone x3  
  80  7:23  Drone  
  80  7:42  Mutalisk x7  
  80  7:43  Mutalisk x2  
  95  7:47  Drone  
  93  7:51  Drone  
  93  7:52  Drone x5  
  98  8:00  Mutalisk x2  
  102  8:09  Overlord x3  
  99  8:14  Mutalisk  
  99  8:15  Mutalisk  
  101  8:24  Hatchery  
  97  8:32  Zergling x2  
  108  8:35  Evolution Chamber x2  
Show
View Real Time Build Order
Export as new Build Order

IIIIIIIIIIII Zerg - Winner!

Build Orders: Hatch First 

Get SALT Encoding   

  12  0:02  Drone  
  13  0:12  Overlord  
  13  0:24  Drone  
  13  0:25  Extractor, Drone  
  14  0:31  Drone  
  15  0:50  Drone  
  16  1:02  Hatchery  
  16  1:03  Drone  
  16  1:06  Drone  
  17  1:25  Spawning Pool  
  16  1:28  Drone  
  17  1:33  Drone  
  18  1:41  Overlord  
  18  1:54  Overlord  
  18  2:12  Metabolic Boost, Queen  
  18  2:13  Zergling x2  
  18  2:15  Drone  
  22  2:17  Drone  
  22  2:21  Drone  
  24  2:28  Zergling x2  
  24  2:29  Zergling x2  
  26  2:40  Queen  
  26  2:42  Drone  
  29  3:07  Overlord  
  29  3:10  Drone x4  
  33  3:24  Zergling x4  
  33  3:26  Hatchery  
  34  3:34  Zergling x6  
  36  3:40  Zergling x2  
  38  3:43  Lair  
  38  3:50  Zergling x2  
  38  3:51  Overlord  
  39  4:00  Zergling x2  
  40  4:10  Zergling x6  
  40  4:11  Zergling x2  
  40  4:13  Drone  
  45  4:28  Zergling x6  
  48  4:44  Zergling x6  
  49  4:49  Zergling x2  
  43  4:55  Zergling x2  
  38  5:07  Zergling x4  
  38  5:08  Queen  
  42  5:14  Drone  
  42  5:15  Drone, Evolution Chamber  
  42  5:16  Evolution Chamber  
  39  5:23  Zergling x2  
  40  5:32  Zergling x4  
  42  5:38  Drone x2  
  42  5:39  Drone x2  
  42  5:52  Zergling x6  
  42  5:53  Zergling x10  
  50  5:59  Drone  
  50  6:04  Zerg Melee Weapons Level 1  
  51  6:05  Zerg Ground Armor Level 1, Baneling Nest  
  51  6:09  Extractor, Drone x3  
  52  6:13  Zergling x2  
  52  6:14  Zergling x2  
  53  6:23  Zergling x6  
  55  6:44  Zergling x2  
  55  6:45  Zergling x14  
  55  6:46  Zergling x4  
  59  6:55  Drone x3  
  62  7:03  Drone x3  
  62  7:05  Burrow  
  64  7:17  Zergling x4  
  64  7:22  Zergling x2  
  64  7:34  Zergling x2  
  64  7:35  Zergling x6  
  61  7:50  Zergling x8  
  61  7:51  Zergling x12  
  61  7:58  Drone  
  62  8:04  Spire  
  62  8:05  Drone x2  
  63  8:11  Overlord  
  63  8:12  Overlord  
  63  8:16  Zergling x2  
  64  8:25  Hatchery  
Tags
 
Add a new tag
Caveats
  • Supply blocks, unpowered buildings, or Contaminate may cause inaccurate times.
  • Supply counts are checked every 10 seconds.